 Dungeon Crawl Stone Soup version 0.22.1-2-g9c5b331 (webtiles) character file.

23029 Lilu the Destroyer (level 12, -1/73 HPs)
             Began as a Deep Elf Conjurer on Nov 14, 2018.
             Was an Elder of Vehumet.
             Killed by divine providence
             ... invoked by a meliai
              (13 damage)
             ... on level 14 of the Dungeon.
             The game lasted 01:15:53 (20709 turns).

Lilu the Destroyer (Deep Elf Conjurer)             Turns: 20709, Time: 01:15:53

Health: -1/73      AC: 16    Str:  7    XL:     12   Next: 68%
Magic:  43/43      EV: 34    Int: 24    God:    Vehumet [****..]
Gold:   1004       SH:  6    Dex: 15    Spells: 13/31 levels left

rFire    + . .     SeeInvis .   V - staff of power
rCold    + . .     Gourm    .   B - +0 buckler
rNeg     . . .     Faith    .   j - +3 ring mail {rC+}
rPois    .         Spirit   .   n - +2 helmet
rElec    .         Reflect  .   O - +1 cloak {MR+}
rCorr    .         Harm     .   Y - +0 pair of gloves (curse)
MR       ++...                  f - +0 pair of boots
Stlth    +.........             C - amulet of the acrobat
HPRegen  0.22/turn              K - ring of protection from fire
MPRegen  0.28/turn              G - +4 ring of evasion

@: hasted, very quick
A: no striking features
a: Renounce Religion


You were on level 14 of the Dungeon.
You worshipped Vehumet.
Vehumet was greatly pleased with you.
You were not hungry.

You visited 3 branches of the dungeon, and saw 16 of its levels.

You collected 1004 gold pieces.

Inventory:

Hand Weapons
 z - the +6 dagger of True Grit {protect, Stlth+}
   (You took it off an orc on level 3 of the Dungeon)

   It protects the one who uses it against injury (+AC on strike).
   It makes you more stealthy.
 P - the +3 hunting sling "Ruceugg" {speed, rF+}
   (You found it on level 9 of the Dungeon)

   Attacks with this weapon are significantly faster.
   It protects you from fire.
Missiles
 Q - 42 sling bullets
Armour
 f - a +0 pair of boots (worn)
 j - a +3 ring mail of cold resistance (worn)
 n - a +2 helmet (worn)
 y - a +2 shield of reflection
 A - the +1 ring mail of the Raven {rPois}
   (You took it off an orc on level 3 of the Dungeon)

   It protects you from poison.
 B - a +0 buckler (worn)
 O - a +1 cloak of magic resistance (worn)
 Y - a cursed +0 pair of gloves (worn)
Magical Staves
 V - an uncursed staff of power (weapon)
Jewellery
 q - the amulet "Reivadus" {RegenMP rElec Str+6}
   (You found it on level 13 of the Dungeon)

   [amulet of magic regeneration]

   It increases your magic regeneration.
   It affects your strength (+6).
   It insulates you from electricity.
 s - an uncursed ring of flight
 C - an amulet of the acrobat (around neck)
 G - a +4 ring of evasion (right hand)
 J - an uncursed ring of fire
 K - a ring of protection from fire (left hand)
 Z - an uncursed ring of protection from magic
Wands
 u - a wand of acid (16)
 x - a wand of paralysis (23)
 E - a wand of digging (15)
 N - a wand of polymorph (13)
 R - a wand of iceblast (10)
 T - a wand of disintegration (13)
Scrolls
 a - 3 scrolls of remove curse
 b - 2 scrolls of identify
 m - 2 scrolls of random uselessness {unknown}
 o - 2 scrolls of enchant armour {unknown}
 r - a scroll of torment {unknown}
 t - 3 scrolls of fear
 D - 9 scrolls of teleportation
 F - 3 scrolls of enchant weapon
 H - 2 scrolls of blinking {unknown}
 I - 2 scrolls of fog {unknown}
 M - 2 scrolls of silence {unknown}
Potions
 d - 6 potions of curing
 e - a potion of haste
 g - a potion of lignification {unknown}
 h - 4 potions of ambrosia
 k - a potion of berserk rage {unknown}
 l - 2 potions of mutation
 p - 2 potions of degeneration {unknown}
 v - 2 potions of invisibility
 w - 2 potions of brilliance
 L - a potion of cancellation {unknown}
 S - a potion of flight {unknown}
 U - a potion of magic {unknown}
 X - a potion of resistance
Comestibles
 c - 28 rations
 i - a chunk of flesh


   Skills:
 * Level 7.7 Fighting
 - Level 4.0 Armour
 + Level 10.4 Dodging
 - Level 2.4 Stealth
 + Level 7.4 Shields
 - Level 10.2 Spellcasting
 * Level 11.9 Conjurations
 - Level 8.0 Hexes
 + Level 2.2 Fire Magic


You had 13 spell levels left.
You knew the following spells:

 Your Spells              Type           Power        Failure   Level  Hunger
a - Magic Dart            Conj           ####         1%          1    None
b - Searing Ray           Conj           ######       1%          2    None
c - Fulminant Prism       Conj/Hex       ######....   1%          4    #......
d - Conjure Flame         Conj/Fire      #####...     1%          3    None
e - Mephitic Cloud        Conj/Pois/Air  ####....     2%          3    None
f - Fireball              Conj/Fire      #####.....   7%          5    ####...

Your spell library contained the following spells:

 Spells                   Type           Power        Failure   Level  Hunger
 Confusing Touch          Hex            ######       1%          1    None
 Dazzling Spray           Conj/Hex       ######       1%          3    None
 Iskenderun's Mystic Bla  Conj           ######..     1%          4    #......
 Force Lance              Conj/Tloc      #####...     4%          4    #......
 Animate Skeleton         Necr           N/A          16%         1    None
 Apportation              Tloc           ##....       16%         1    None
 Summon Small Mammal      Summ           ##..         16%         1    None
 Poisonous Vapours        Pois/Air       ##....       24%         2    None
 Recall                   Summ/Tloc      N/A          43%         3    None
 Freezing Cloud           Conj/Ice/Air   ####......   71%         6    ######.
 Animate Dead             Necr           N/A          85%         4    #......
 Borgnjor's Vile Clutch   Necr/Erth      ##........   99%         5    ####...
 Death Channel            Necr           ##........   100%        6    ######.
 Simulacrum               Ice/Necr       ##........   100%        6    ######.
 Ring of Flames           Chrm/Fire      ###.......   100%        7    #######


Dungeon Overview and Level Annotations

Branches:
Dungeon (14/15)            Temple (1/1) D:4            Lair (0/6) D:10
    Orc (1/2) D:12
 Vaults: D:13-14

Altars:
Ashenzari
Cheibriados
Dithmenos
Fedhas
Hepliaklqana
Kikubaaqudgha
Makhleb
Nemelex Xobeh
Okawaru
Qazlal
Sif Muna
Trog
Vehumet
Wu Jian
Xom
Yredelemnul
The Shining One
Beogh

Shops:
D:4 (   D:9 *

Annotations:
D:10 3 runed doors, exclusion: 3 doors, bmj180's ghost, journeyman GrEE


Message History

The eight-headed hydra barely misses you. x2
The eight-headed hydra bites you. The meliai misses you.
You block the meliai's attack. The meliai completely misses you. x2
The meliai misses you. x2
The eight-headed hydra bites you but does no damage.
The eight-headed hydra bites you!
The eight-headed hydra completely misses you.
The eight-headed hydra closely misses you.
The eight-headed hydra bites you.
The eight-headed hydra bites you but does no damage.
The eight-headed hydra bites you!
* * * LOW HITPOINT WARNING * * *
The eight-headed hydra bites you but does no damage.
The meliai barely misses you.
The meliai stings you but does no damage.
The meliai completely misses you. x2
The meliai invokes the aid of its god against you.
Something smites you!
You die...

###############
##.............#
#....H......)..#
#....########....#
#....########......
#.....##....##...#.
##.....##....##..H#
#.......##....##....
##..@y.y.##....##.H..
#####...##D...##....##..y
).......##....##....#
.#.......##........##
....##...##........# #.#
##...##......## #
#...##......# #
###...########
...#.##.....#


You could see an eight-headed hydra, a manticore and 2 meliai.

Vanquished Creatures
  Kirke (D:12)
  Erica (D:10)
  2 two-headed ogres (D:12)
  An unseen horror (D:10)
  4 ugly things
  2 deep elf magi
  An elephant (D:10)
  Maurice (D:8)
  3 centaur skeletons
  An efreet (D:13)
  2 komodo dragons (D:12)
  A meliai (D:14)
  2 hornets (D:11)
  2 trolls
  Prince Ribbit (D:8)
  5 hippogriffs
  A meliai zombie (D:13)
  Sigmund (D:4)
  A wraith (D:14)
  2 shadows
  4 hogs (D:10)
  A basilisk (D:10)
  A wyvern (D:13)
  15 yaks
  A human (D:10)
  3 hungry ghosts
  4 steam dragons
  3 vampire mosquitoes (D:12)
  2 insubstantial wisps (D:11)
  Edmund (D:4)
  The ghost of trianova the Sneak, an amateur VSEn (D:3)
  A hornet zombie (D:13)
  5 orc warriors
  5 ice beasts
  2 eyes of draining
  A black bear (D:13)
  6 sky beasts
  4 ogres
  3 phantoms
  A necrophage (D:9)
  6 centaurs
  A crocodile (D:10)
  A big kobold (D:7)
  Blork the orc (D:6)
  6 bullfrogs
  A gnoll sergeant (D:10)
  A scorpion (D:8)
  3 wyvern skeletons
  5 wights (D:12)
  4 howler monkeys
  6 electric eels (D:10)
  3 bullfrog zombies
  3 crimson imps
  3 centaur zombies
  A gnoll shaman (D:7)
  9 hounds
  3 jellies
  3 orc priests
  3 bullfrog skeletons
  Ijyb (D:5)
  4 iguanas
  Natasha (thrice) (D:2)
  15 orc wizards
  10 worker ants
  A killer bee zombie (D:5)
  A hound zombie (D:5)
  2 hound skeletons
  A worker ant zombie (D:5)
  Robin (D:3)
  8 gnolls
  A howler monkey skeleton (D:4)
  9 adders
  2 river rats (D:3)
  7 shadow imps
  2 oozes (D:3)
  An adder skeleton (D:9)
  5 worms
  4 dart slugs
  4 leopard geckos
  48 orcs
  6 bats
  7 giant cockroaches
  13 goblins
  6 hobgoblins
  14 jackals
  6 quokkas
  3 frilled lizards
  20 kobolds
  2 leopard gecko skeletons
  2 quokka skeletons
  A quokka zombie (D:6)
  9 rats
  6 plants (D:10)
387 creatures vanquished.

Vanquished Creatures (others)
  4 humans (D:12)
  An eye of draining (D:12)
  An ogre (D:5)
  A howler monkey (D:5)
  A jelly (D:5)
  A bullfrog skeleton (D:12)
  A gnoll (D:5)
  A leopard gecko (D:5)
  A jackal (D:5)
  70 fulminant prisms
82 creatures vanquished.

Grand Total: 469 creatures vanquished

Notes
Turn   | Place    | Note
-------+----------+-------------------------------------------
     0 | D:1      | Lilu the Deep Elf Conjurer began the quest for the Orb.
     0 | D:1      | Reached XP level 1. HP: 10/10 MP: 6/6
   474 | D:1      | Reached XP level 2. HP: 15/15 MP: 6/8
   686 | D:1      | Learned a level 2 spell: Searing Ray
  1220 | D:2      | Reached skill level 5 in Conjurations
  1220 | D:2      | Reached XP level 3. HP: 19/19 MP: 7/10
  1232 | D:2      | Reached XP level 4. HP: 14/24 MP: 3/11
  1952 | D:2      | Noticed Natasha
  1957 | D:2      | Killed Natasha
  1957 | D:2      | Reached XP level 5. HP: 21/28 MP: 9/13
  1957 | D:2      | Noticed Natasha
  2033 | D:2      | Killed Natasha
  2033 | D:2      | Reached skill level 6 in Conjurations
  2456 | D:2      | Noticed Natasha
  2465 | D:2      | Killed Natasha
  2602 | D:3      | Noticed Robin
  2609 | D:3      | Killed Robin
  3011 | D:3      | Reached XP level 6. HP: 18/32 MP: 15/15
  3064 | D:3      | Reached skill level 5 in Spellcasting
  3295 | D:3      | Found a stormy altar of Qazlal.
  3309 | D:3      | Noticed a sky beast
  3313 | D:3      | Killed a sky beast
  3411 | D:3      | Found a runed gate.
  3411 | D:3      | Found a runed gate.
  3411 | D:3      | Found a runed gate.
  3419 | D:3      | Noticed trianova's ghost (amateur VSEn)
  3427 | D:3      | Found a roughly hewn altar of Beogh.
  3875 | D:4      | Reached skill level 7 in Conjurations
  4100 | D:4      | Noticed Edmund
  4128 | D:4      | Found Ahuup's Antique Weapon Shop.
  4573 | D:3      | Killed trianova's ghost
  4573 | D:3      | Reached skill level 5 in Dodging
  4573 | D:3      | Reached XP level 7. HP: 12/36 MP: 4/17
  4594 | D:3      | Got a smoking dagger {protect}
  4594 | D:3      | Got a heavily runed ring mail
  4782 | D:3      | Identified the +1 ring mail of the Raven {rPois} (You took
                  | it off an orc on level 3 of the Dungeon)
  4782 | D:3      | Identified the +6 dagger of True Grit {protect, Stlth+}
                  | (You took it off an orc on level 3 of the Dungeon)
  4901 | D:4      | Killed Edmund
  5301 | D:4      | Reached skill level 8 in Conjurations
  5365 | D:4      | Noticed Sigmund
  5372 | D:4      | Killed Sigmund
  5372 | D:4      | Reached XP level 8. HP: 36/41 MP: 14/20
  5639 | D:4      | Found a burning altar of Makhleb.
  5640 | D:4      | Found a glowing golden altar of the Shining One.
  5640 | D:4      | Found a hazy altar of Hepliaklqana.
  5660 | D:4      | Found a shadowy altar of Dithmenos.
  5811 | D:4      | Found a staircase to the Ecumenical Temple.
  5898 | Temple   | Entered the Ecumenical Temple
  5930 | Temple   | Became a worshipper of Vehumet
  5982 | D:5      | Entered Level 5 of the Dungeon
  6065 | D:5      | Reached skill level 1 in Shields
  6104 | D:5      | Noticed Ijyb
  6110 | D:5      | Killed Ijyb
  6727 | D:5      | Found a shimmering altar of Xom.
  7157 | D:5      | Reached * piety under Vehumet
  7157 | D:5      | Offered knowledge of Freeze by Vehumet.
  7275 | D:6      | Reached skill level 9 in Conjurations
  7319 | D:6      | Noticed Blork the orc
  7324 | D:6      | Killed Blork the orc
  7861 | D:6      | Reached XP level 9. HP: 37/45 MP: 10/23
  7960 | D:6      | Found a bloodstained altar of Trog.
  7963 | D:6      | Found an iron altar of Okawaru.
  8634 | D:7      | Reached skill level 10 in Conjurations
  8704 | D:7      | Found a sparkling altar of Nemelex Xobeh.
  9002 | D:7      | Reached skill level 1 in Armour
  9008 | D:7      | Offered knowledge of Shock by Vehumet.
  9010 | D:7      | Reached ** piety under Vehumet
  9176 | D:7      | Found a snail-covered altar of Cheibriados.
  9193 | D:7      | Reached skill level 1 in Fighting
  9945 | D:8      | Noticed Prince Ribbit
  9974 | D:8      | Killed Prince Ribbit
  9974 | D:8      | Reached skill level 10 in Spellcasting
 10265 | D:8      | Learned a level 4 spell: Fulminant Prism
 10287 | D:8      | Noticed Maurice
 10364 | D:8      | Reached skill level 1 in Hexes
 10364 | D:8      | Reached XP level 10. HP: 53/53 MP: 23/26
 10371 | D:8      | Offered knowledge of Inner Flame by Vehumet.
 10400 | D:8      | Killed Maurice
 11099 | D:9      | Found a blossoming altar of Fedhas.
 11116 | D:9      | Found a bloodstained altar of Trog.
 11309 | D:9      | Found Asor's General Store.
 11403 | D:10     | Entered Level 10 of the Dungeon
 11417 | D:10     | Noticed bmj180's ghost (journeyman GrEE)
 11430 | D:10     | Noticed Erica
 11526 | D:9      | Got an ivory hunting sling
 11547 | D:9      | Identified the cursed +3 hunting sling "Ruceugg" {speed,
                  | rF+} (You found it on level 9 of the Dungeon)
 12001 | D:9      | Reached *** piety under Vehumet
 12804 | D:10     | Offered knowledge of Throw Icicle by Vehumet.
 12936 | D:10     | Found a runed gate.
 12936 | D:10     | Found a runed gate.
 12936 | D:10     | Found a runed gate.
 13034 | D:10     | Killed Erica
 13034 | D:10     | Reached skill level 5 in Hexes
 13298 | D:10     | Noticed an elephant
 13342 | D:10     | Killed an elephant
 13586 | D:10     | Found a staircase to the Lair.
 13607 | D:10     | Reached skill level 5 in Shields
 13723 | D:10     | Noticed a green ugly thing
 13741 | D:10     | Killed a green ugly thing
 14019 | D:10     | Reached XP level 11. HP: 60/60 MP: 27/27
 14132 | D:10     | Killed an unseen horror
 15278 | D:11     | Noticed a deep elf mage
 15290 | D:11     | Noticed a two-headed ogre
 15495 | D:11     | Noticed a two-headed ogre
 15513 | D:10     | Reached **** piety under Vehumet
 16386 | D:11     | Offered knowledge of Ignite Poison by Vehumet.
 16623 | D:11     | Killed a deep elf mage
 16862 | D:11     | Learned a level 3 spell: Conjure Flame
 16866 | D:11     | Learned a level 3 spell: Mephitic Cloud
 16876 | D:11     | Noticed a white ugly thing
 16885 | D:11     | Killed a white ugly thing
 16885 | D:11     | Reached skill level 5 in Fighting
 17511 | D:12     | Reached skill level 11 in Conjurations
 17852 | D:12     | Found a blossoming altar of Fedhas.
 18025 | D:12     | Noticed a two-headed ogre
 18033 | D:12     | Killed a two-headed ogre
 18139 | D:12     | Noticed Kirke
 18158 | D:12     | Killed Kirke
 18158 | D:12     | Reached XP level 12. HP: 71/71 MP: 25/28
 18229 | D:12     | Noticed a two-headed ogre
 18241 | D:12     | Killed a two-headed ogre
 18574 | D:12     | Reached skill level 10 in Dodging
 18901 | D:12     | Found a staircase to the Orcish Mines.
 18942 | D:12     | Reached ***** piety under Vehumet
 19071 | D:12     | Offered knowledge of Fireball by Vehumet.
 19078 | D:12     | Learned a level 5 spell: Fireball
 19319 | Orc:1    | Entered Level 1 of the Orcish Mines
 19586 | D:13     | Got a steaming garnet amulet
 19587 | D:13     | Identified the amulet "Reivadus" {RegenMP rElec Str+6} (You
                  | found it on level 13 of the Dungeon)
 19619 | D:13     | Reached skill level 1 in Fire Magic
 20437 | D:14     | Found a snail-covered altar of Cheibriados.
 20694 | D:14     | Noticed an eight-headed hydra
 20709 | D:14     | Killed from afar by a meliai

Skill      XL: |  1  2  3  4  5  6  7  8  9 10 11 12 |
---------------+-------------------------------------+-----
Dodging        | 3 4 5 6 7 8 9 10 | 10.4
Conjurations   | 5 6 7 8 9 10 11 | 11.9
Spellcasting   | 4 5 6 8 10 | 10.2
Shields        | 4 5 6 7 |  7.4
Armour         | 1 3 4 |  4.0
Fighting       | 1 3 6 7 |  7.7
Hexes          | 1 7 8 |  8.0
Fire Magic     | 2 |  2.2
Stealth        | |  2.4

Action                   |  1- 3 |  4- 6 |  7- 9 | 10-12 || total
-------------------------+-------+-------+-------+-------++-------
Melee: Short sword       |       |    43 |     1 |       ||    44
       Dagger            |       |       |   164 |    79 ||   243
       Unarmed           |       |       |       |    10 ||    10
       Staff             |       |       |       |    18 ||    18
 Fire: Hunting sling     |       |       |       |    12 ||    12
 Cast: Magic Dart        |    43 |    75 |    70 |    43 ||   231
       Searing Ray       |     2 |    28 |    78 |   129 ||   237
       Fulminant Prism   |       |       |       |    70 ||    70
       Conjure Flame     |       |       |       |    14 ||    14
       Mephitic Cloud    |       |       |       |     7 ||     7
  Use: Scroll            |       |       |     5 |     9 ||    14
       Potion            |       |       |       |     1 ||     1
 Stab: Sleeping          |       |       |     3 |       ||     3
       Confused          |       |       |       |     1 ||     1
  Eat: Chunk             |       |    10 |    18 |    23 ||    51
       Ration            |       |       |     1 |     3 ||     4
Armor: Robe              |     3 |    20 |       |       ||    23
       Ring mail         |       |       |   103 |   104 ||   207
Dodge: Dodged            |    17 |    87 |   164 |   294 ||   562
Block: Buckler           |       |       |    31 |    98 ||   129
       Shield            |       |       |       |    10 ||    10
